 Dungeon Crawl Stone Soup version 0.18.1-48-g4cf74bf (webtiles) character file.

32 tagomago the Gusty (level 3, 0/19 HPs)
             Began as a Tengu Air Elementalist on July 15, 2016.
             Slain by an adder (4 damage)
             ... on level 1 of the Dungeon.
             The game lasted 00:02:52 (1164 turns).

tagomago the Gusty (Tengu Air Elementalist)         Turns: 1164, Time: 00:02:52

Health: 0/19       AC:  2    Str:  8    XL:     3   Next: 25%
Magic:  3/7        EV: 13    Int: 16    God:
Gold:   122        SH:  0    Dex: 14    Spells: 3 memorised, 1 level left

rFire  . . .     SeeInvis .     (no weapon)
rCold  . . .     Gourm    .     a - +0 robe
rNeg   . . .     Faith    .     (no shield)
rPois  .         Spirit   .     (helmet restricted)
rElec  .         Dismiss  .     (no cloak)
rCorr  .         Reflect  .     (no gloves)
SustAt .         Harm     .     (boots unavailable)
MR     .....                    (no amulet)
Stlth  ++........               (no ring)
                                (no ring)

@: lethally poisoned (0 -> -3), sluggish, very slow, not resistant to hostile
enchantments, unstealthy
A: beak, talons 3
a: no special abilities


You were on level 1 of the Dungeon.
You were not hungry.

You visited 1 branch of the dungeon, and saw 1 of its levels.

You collected 122 gold pieces.

Inventory:

Hand Weapons
 g - a +0 dagger
Armour
 a - a +0 robe (worn)
 m - a +0 leather armour
Jewellery
 l - an uncursed ring of positive energy {unknown}
Scrolls
 d - a scroll of magic mapping {unknown}
 e - a scroll of blinking {unknown}
 h - 2 scrolls of identify {unknown}
Potions
 f - a potion of agility {unknown}
 i - a potion of flight {unknown}
 j - a potion of magic {unknown}
 k - a potion of resistance {unknown}
Books
 b - a book of Air

   Spells                             Type                      Level
   a - Shock                          Conjuration/Air              1
   b - Swiftness                      Charms/Air                   2
   c - Repel Missiles                 Charms/Air                   2
   d - Static Discharge               Conjuration/Air              3
   e - Lightning Bolt                 Conjuration/Air              5
Comestibles
 c - a bread ration


   Skills:
 - Level 2.5 Dodging
 - Level 2.3 Stealth
 - Level 2.2 Spellcasting
 - Level 1.5 Conjurations
 * Level 4.8 Air Magic


You had one spell level left.
You knew the following spells:

 Your Spells              Type           Power        Failure   Level  Hunger
a - Shock                 Conj/Air       ##..         8%          1    #......
b - Repel Missiles        Chrm/Air       #.....       14%         2    ###....
c - Swiftness             Chrm/Air       #.......     14%         2    ###....


Dungeon Overview and Level Annotations

Branches:
Dungeon (1/15)

Altars:


Innate Abilities, Weirdness & Mutations

You have a beak for a mouth.
You have claws for feet.


Message History

A quokka comes into view.
You feel sick.
A giant newt comes into view.
You feel sick.
Casting: Swiftness
Confirm with . or Enter, or press ? or * to list all spells.
Aiming: Shock
Press: ? - help, Shift-Dir - straight line, f/p - adder
Aim: an adder (moderately wounded)
The zap misses the adder.
You feel sick. The adder misses you.
You feel sick.
A hobgoblin comes into view. It is wielding a club.
You start to feel a little slower.
You feel sick.
* * * LOW HITPOINT WARNING * * *
You feel sick.
You feel sluggish.
* * * LOW HITPOINT WARNING * * *
You feel sick. The adder bites you.
You die...

..#####.......#.##..##.#
........>.g.g....#..##.######
######.###...##..#.###......#
#.# ##......#.########.# #.#
#..###.#..# #.# ######.####..#
#.#..# #.# .............#
#.#..# #.# ####.#..####.#
#S#..# #.#####
####.#..####.###@#..# #.#....
....................# ##.#.###
###.#..#.##...##.##.######....#
##.###.........#.# ..........#
รท.## ##.#........# #####(..##
##.###.........### ....>...####
##.#.##.##...## #..........)
##............. ..########## .
#####.###.#### #


You could see an adder.

Vanquished Creatures
  An ooze (D:1)
  2 dart slugs (D:1)
  A giant cockroach (D:1)
  4 goblins (D:1)
  3 hobgoblins (D:1)
  3 jackals (D:1)
  A ball python (D:1)
  3 bats (D:1)
  A kobold (D:1)
  4 rats (D:1)
23 creatures vanquished.

Vanquished Creatures (others)
  5 toadstools (D:1)
5 creatures vanquished.

Grand Total: 28 creatures vanquished

Notes
Turn   | Place    | Note
--------------------------------------------------------------
     0 | D:1      | tagomago the Tengu Air Elementalist began the quest for the Orb.
     0 | D:1      | Reached XP level 1. HP: 10/10 MP: 4/4
    65 | D:1      | Reached XP level 2. HP: 6/15 MP: 0/6
   348 | D:1      | Learned a level 2 spell: Repel Missiles
   351 | D:1      | Learned a level 2 spell: Swiftness
   843 | D:1      | Reached XP level 3. HP: 17/19 MP: 0/7
  1164 | D:1      | Slain by an adder

Action                   || total
-------------------------++-------
Melee: Unarmed           ||    17
       Kick              ||     2
       Peck              ||     2
 Cast: Shock             ||    43
       Swiftness         ||     1
  Eat: Royal jelly       ||     1
Armor: Robe              ||     9
Dodge: Dodged            ||    17
